 Dungeon Crawl Stone Soup version 0.27.1-2-g3b301248ec (webtiles) character file.

Game seed: 12846021511343413713

2260 Dexcius the Chopper (level 9, 52/79 HPs)
             Began as a Deep Dwarf Fighter on Sept 26, 2021.
             Was an Elder of Elyvilon.
             Quit the game on level 6 of the Dungeon.
             The game lasted 00:27:55 (4882 turns).

Dexcius the Chopper (Deep Dwarf Fighter)            Turns: 4882, Time: 00:27:56

Health: 52/79      AC: 11    Str: 23    XL:     9   Next: 15%
Magic:  0/0        EV:  8    Int:  9    God:    Elyvilon [****..]
Gold:   263        SH: 11    Dex: 12    Spells: 8/8 levels left

rFire    + . .     SeeInvis .   a - +0 war axe (vorpal)
rCold    . . .     Faith    .   c - +0 kite shield
rNeg     . . .     Spirit   .   t - +0 chain mail
rPois    .         Reflect  .   (no helmet)
rElec    .         Harm     .   k - +0 cloak
rCorr    .         Rampage  .   (no gloves)
Will     +....                  (no boots)
Stlth    ..........             (no amulet)
HPRegen  0.00/turn              (no ring)
MPRegen  0.07/turn              q - ring of protection from fire

@: no status effects
A: damage resistance, heal wounds, sense surroundings 2, no regeneration, low mp
1
a: Heal Wounds, Renounce Religion, Lesser Healing, Heal Other, Purification,
Greater Healing, Divine Protection


You were on level 6 of the Dungeon.
You worshipped Elyvilon.
Elyvilon was greatly pleased with you.
You visited 1 branch of the dungeon, and saw 6 of its levels.
You also visited: Sewer and Ossuary.

You collected 263 gold pieces.

Inventory:

Hand Weapons
 a - a +0 vorpal war axe (weapon)
Missiles
 b - a throwing net
Armour
 c - a +0 kite shield (worn)
 k - a +0 cloak (worn)
 t - a +0 chain mail (worn)
Jewellery
 m - a ring of magical power
 q - a ring of protection from fire (right hand)
Wands
 g - a wand of paralysis (11)
 o - a wand of flame (24)
 v - a wand of acid (7)
Scrolls
 f - a scroll of brand weapon
 h - a scroll of holy word {unknown}
 i - 7 scrolls of identify
 j - a scroll of fear {unknown}
 l - 2 scrolls of teleportation {unknown}
 n - 5 scrolls of noise
 r - 3 scrolls of amnesia
 u - a scroll of blinking {unknown}
Potions
 d - 2 potions of might
 e - 3 potions of curing
 p - a potion of berserk rage
 s - a potion of heal wounds


   Skills:
 + Level 4.7 Fighting
 + Level 7.8 Axes
 + Level 7.2 Armour
 + Level 3.4 Dodging
 + Level 0.2 Stealth
 + Level 7.3 Shields


You had 8 spell levels left.
You didn't know any spells.
Your spell library contained the following spells:

 Spells                   Type           Power      Damage    Failure   Level
 Dazzling Flash           Conj/Hex       0%         N/A       100%        3
 Gell's Gravitas          Tloc           0%         N/A       100%        3
 Teleport Other           Tloc           0%         N/A       100%        3
 Iskenderun's Mystic Bla  Conj/Tloc      0%         2d3       100%        4
 Dispersal                Tloc           0%         N/A       100%        6
 Starburst                Conj/Fire      0%         6d3       100%        6


Dungeon Overview and Level Annotations

Branches:
Dungeon (6/15)              Sewer (visited)         Ossuary (visited)
 Temple: D:4-7

Altars:
Elyvilon
Fedhas
Sif Muna


Innate Abilities, Weirdness & Mutations

You are resistant to damage.
You can heal yourself by infusing magical energy.
You passively map the area around you.
You do not regenerate.
Your magical capacity is low. (-10% MP)


Message History

You hit the steam dragon.
The steam dragon is almost dead.
The steam dragon bites you but does no damage.
You block the steam dragon's attack. The steam dragon breathes steam at you.
The ball of steam hits you. You resist.
You hit the steam dragon but do no damage.
The steam dragon is almost dead.
The steam dragon bites you but does no damage.
You block the steam dragon's attack.
You closely miss the steam dragon.
The steam dragon is almost dead.
You block the steam dragon's attack. x2
You barely miss the steam dragon.
The steam dragon is almost dead.
The steam dragon bites you! You block the steam dragon's attack.
You closely miss the steam dragon.
The steam dragon is almost dead.
The steam dragon breathes steam at you. The ball of steam hits you. You resist.
You block the steam dragon's attack. x2
You hit the steam dragon.
The steam dragon is almost dead.
You block the steam dragon's attack. The steam dragon barely misses you.
You closely miss the steam dragon.
The steam dragon is almost dead.
You block the steam dragon's attack. The steam dragon closely misses you.
You hit the steam dragon.
You kill the steam dragon!
You see here a steam dragon corpse.
You see here a +0 dagger.
You see here an adder corpse.
You don't have enough innate magic capacity.
You don't have enough innate magic capacity.
You remove your ring of magical power.
You feel your magic capacity decrease.
Okay, then.
You start waiting.
Done waiting.
Unknown command.
Okay, then.
Are you sure you want to abandon this character and quit the game? (Confirm with "yes".)

#...........##........ * *
########.(..#.####..>.......#
,
.............††..............
######.♣♣♣♣♣...#......).....
#..♣* *♣♣..#..###.#...#. #.♣♣
* ♣.##...##.#..... , ###)♣♣ *
♣.##...##))..(## *
#....♣♣♣♣♣♣.......#.#)###
#...†....@.....##.#.### ,
#......#####.#.##.#.######
#....### #.............. ,
#....# #........###### ,
#....# #....#...# * #....#
#....#...# ,,* *
#....#######....#..[# ,
................#...# ##.##.
*#.........#.# *


There were no monsters in sight!

Vanquished Creatures
  Sigmund (D:5)
  A wraith (Ossuary)
  2 steam dragons (D:6)
  4 vampire mosquitoes
  A water moccasin (D:5)
  Purgy (Sewer)
  An ogre (D:4)
  A centaur (D:6)
  2 bullfrogs
  A scorpion (D:4)
  2 jellies
  A bullfrog zombie (D:5)
  2 hounds (D:6)
  A gnoll shaman (D:6)
  A bullfrog skeleton (D:5)
  An iguana (D:4)
  2 orc wizards
  A hound zombie (D:5)
  A hound skeleton (D:4)
  A mummy (Ossuary)
  11 gnolls
  A howler monkey skeleton (D:5)
  6 adders
  2 ufetubi
  A worm (D:2)
  3 dart slugs
  6 orcs
  12 bats
  8 endoplasms
  6 giant cockroaches
  7 goblins
  6 hobgoblins
  5 quokkas
  9 ball pythons
  5 frilled lizards
  7 gnoll skeletons (Ossuary)
  A jackal zombie (D:4)
  8 kobolds
  6 kobold skeletons (Ossuary)
  12 orc skeletons (Ossuary)
  8 rats
158 creatures vanquished.

Notes
Turn   | Place    | Note
-------+----------+-------------------------------------------
     0 | D:1      | Dexcius the Deep Dwarf Fighter began the quest for the Orb.
     0 | D:1      | Reached XP level 1. HP: 20/20 MP: 1/1
    84 | D:1      | Reached XP level 2. HP: 27/27 MP: 2/2
   559 | D:1      | Reached XP level 3. HP: 26/34 MP: 3/3
   793 | D:2      | Found a white marble altar of Elyvilon.
   802 | D:2      | Became a worshipper of Elyvilon the Healer
  1080 | D:2      | Reached XP level 4. HP: 30/42 MP: 4/4
  1337 | D:2      | Reached * piety under Elyvilon
  1526 | D:2      | Found a faded altar of an unknown god.
  1922 | D:3      | Reached ** piety under Elyvilon
  1968 | D:3      | Reached skill level 1 in Dodging
  1968 | D:3      | Reached XP level 5. HP: 48/49 MP: 3/3
  2450 | D:3      | Gained mutation: Your magical capacity is low. (-10% MP)
                  | [potion of mutation]
  2467 | D:4      | Noticed an ogre
  2474 | D:4      | Killed an ogre
  2499 | D:4      | Reached XP level 6. HP: 56/56 MP: 3/3
  2942 | D:4      | Found a shimmering blue altar of Sif Muna.
  3065 | D:4      | Found a blossoming altar of Fedhas.
  3076 | D:4      | Found a sand-covered staircase.
  3091 | Ossuary  | Entered an ossuary
  3091 | Ossuary  | Noticed a wraith
  3091 | Ossuary  | Noticed a wraith
  3091 | Ossuary  | Noticed a wraith
  3097 | Ossuary  | Reached *** piety under Elyvilon
  3162 | Ossuary  | Reached skill level 5 in Shields
  3240 | Ossuary  | Noticed a wraith
  3274 | Ossuary  | Killed a wraith
  3275 | Ossuary  | Reached skill level 5 in Axes
  3275 | Ossuary  | Reached XP level 7. HP: 27/63 MP: 4/4
  3525 | D:5      | Entered Level 5 of the Dungeon
  3556 | D:5      | Reached skill level 5 in Armour
  3572 | D:5      | Found a glowing drain.
  3602 | Sewer    | Entered a sewer
  3634 | Sewer    | Noticed Purgy
  3652 | Sewer    | Killed Purgy
  3716 | D:5      | Noticed a vampire mosquito
  3720 | D:5      | Noticed a vampire mosquito
  3720 | D:5      | Noticed a vampire mosquito
  3721 | D:5      | Noticed a vampire mosquito
  3734 | D:4      | Killed a vampire mosquito
  3945 | D:4      | Killed a vampire mosquito
  3949 | D:4      | Killed a vampire mosquito
  3950 | D:4      | Reached XP level 8. HP: 40/72 MP: 3/3
  4210 | D:5      | Reached **** piety under Elyvilon
  4381 | D:5      | Noticed Sigmund
  4386 | D:5      | Killed Sigmund
  4673 | D:6      | Gained mutation: You passively map the area around you.
                  | [Deep Dwarf growth]
  4673 | D:6      | Reached XP level 9. HP: 61/79 MP: 1/1
  4882 | D:6      | Quit the game

Illustrated notes

Levels and vault maps discovered:
D:1:      minmay_arrival_semitransparent, layout_loops_ring, minmay_crystal_room
D:2:      layout_basic, shapermc_ecumenical_altar_mp_vishouse, basic_altar
D:3:      minmay_spotlight, layout_loops_ring, amcnicky_mini_corridor_feature
D:4:      layout_basic, overflow_temple_1_default, marbit_many_paths,
          enter_ossuary_3, serial_curves, eino_curves_02, eino_curves_01
D:5:      layout_basic, cheibrodos_sewer_entry_drain, uniq_sigmund
D:6:      layout_basic, lemuel_zombie_altar_yredelemnul,
          nicolae_gozag_seed_capital, kennysheep_okawaru_gauntlet,
          minmay_temple_entry_statues_pillars, nrook_campfire

Skill      XL: |  1  2  3  4  5  6  7  8 |
---------------+-------------------------+-----
Fighting       | 3 4 |  4.7
Shields        | 4 5 6 7 |  7.3
Armour         | 4 6 7 |  7.2
Axes           | 3 4 5 6 7 |  7.8
Dodging        | 1 2 3 |  3.4
Stealth        | |  0.2

Action                   |  1- 3 |  4- 6 |  7- 9 || total
-------------------------+-------+-------+-------++-------
Melee: War axe           |    98 |   214 |   178 ||   490
 Abil: Heal Wounds       |     3 |     6 |    12 ||    21
  Use: Scroll            |       |     5 |       ||     5
       Potion            |       |     4 |     5 ||     9
Armor: Scale mail        |    53 |   131 |   127 ||   311
       Chain mail        |       |       |    17 ||    17
Dodge: Dodged            |    38 |    82 |   106 ||   226
Block: Kite shield       |    51 |   127 |   203 ||   381
